Map: Pylon LE

Players

GamerNico - Winner!

  • Race: Terran Terran
  • League: Grandmaster
  • Spawn Location: 11:00

A.I. 1 (Very Easy)

  • Race: Zerg Zerg
  • Spawn Location: 5:00

VOD

Have the link to the VOD?

Description

Standard 2-1-1

Time

  • Played on: July 30, 2025, 4:25 p.m.
  • Length: 10:09
Show
View Real Time Build Order
Export as new Build Order

GamerNico Terran - Winner!

Build Orders: Reaper Expand 

Get SALT Encoding   

  12  0:00  SCV  
  13  0:13  SCV  
  14  0:16  Supply Depot  
  14  0:25  SCV  
  15  0:38  SCV  
  15  0:39  Barracks  
  16  0:44  Refinery  
  16  0:50  SCV  
  17  1:02  SCV  
  18  1:14  SCV  
  19  1:26  Orbital Command, Reaper  
  20  1:39  Command Center  
  20  1:50  Barracks  
  20  1:57  SCV  
  21  2:01  Barracks Reactor  
  21  2:06  Supply Depot  
  21  2:09  SCV  
  21  2:15  Refinery  
  22  2:21  SCV  
  23  2:24  Factory  
  23  2:33  SCV  
  23  2:36  Barracks Tech Lab  
  24  2:38  Marine x2  
  26  2:47  SCV  
  27  2:52  Orbital Command  
  27  2:55  Marine  
  27  2:56  Stimpack  
  28  2:59  SCV  
  28  3:02  Marine  
  28  3:03  Marine  
  31  3:13  Starport  
  31  3:14  Marine  
  31  3:16  SCV  
  31  3:18  SCV  
  34  3:22  Factory Reactor  
  34  3:23  Marine  
  34  3:25  Marine  
  36  3:28  SCV  
  36  3:30  SCV  
  36  3:32  Marine  
  39  3:40  SCV  
  40  3:41  Marine  
  40  3:42  SCV  
  42  3:50  Supply Depot  
  42  3:55  SCV x2  
  44  3:56  Marine x2  
  46  4:05  Medivac x2  
  46  4:08  SCV  
  46  4:09  SCV  
  52  4:12  Marine  
  52  4:15  Supply Depot, Marine x2  
  55  4:21  SCV x2  
  57  4:33  Command Center, SCV x2  
  57  4:35  Marine x3  
  62  4:44  Engineering Bay  
  62  4:45  SCV  
  63  4:46  Engineering Bay, SCV  
  63  4:49  Combat Shield  
  64  4:53  Supply Depot  
  64  4:57  SCV  
  64  4:58  SCV  
  64  4:59  Marine x2  
  68  5:00  Marine  
  68  5:02  Factory Reactor  
  69  5:10  Barracks  
  69  5:13  SCV  
  70  5:15  Medivac, SCV  
  70  5:18  Refinery  
  70  5:20  Refinery  
  73  5:22  Terran Infantry Weapons Level 1  
  73  5:24  Terran Infantry Armor Level 1  
  73  5:27  Marine x3  
  76  5:29  SCV  
  76  5:32  Supply Depot  
  77  5:42  Supply Depot  
  77  5:44  SCV x2  
  77  5:45  Widow Mine x2, Orbital Command  
  77  5:48  Medivac  
  85  5:54  Marine x3  
  85  5:57  Medivac  
  90  5:58  SCV  
  90  5:59  SCV  
  92  6:05  Barracks Reactor  
  92  6:10  Widow Mine, Barracks  
  92  6:11  Widow Mine  
  96  6:12  Marine  
  96  6:13  Marine  
  96  6:14  Barracks  
  96  6:15  Marine  
  96  6:16  SCV  
  96  6:18  Orbital Command, SCV  
  101  6:22  Medivac  
  103  6:28  Medivac  
  103  6:29  SCV  
  103  6:30  SCV  
  103  6:32  Marine x2  
  109  6:39  Supply Depot  
  109  6:40  Supply Depot  
  109  6:48  Supply Depot  
  109  6:49  Bunker  
  109  6:55  Supply Depot  
  109  7:00  Armory  
  109  7:01  Medivac, SCV x3, Marine x4  
  117  7:02  Widow Mine x2  
  117  7:03  Medivac  
  117  7:05  Barracks Reactor  
  117  7:07  Barracks Reactor  
  124  7:08  Barracks  
  124  7:10  Barracks  
  124  7:15  SCV  
  125  7:16  SCV, Barracks  
  125  7:17  SCV  
  127  7:28  Marine  
  127  7:29  Marine x4  
  134  7:30  Widow Mine x2  
  134  7:33  Supply Depot  
  134  7:34  Supply Depot  
  136  7:43  SCV  
  136  7:44  SCV x2  
  139  7:45  Refinery  
  139  7:47  Command Center  
  139  7:48  Marine x2  
  141  7:55  Marine x6  
  147  8:00  Supply Depot  
  147  8:04  SCV x3  
  150  8:06  Marine x3  
  150  8:07  Marine  
  154  8:24  SCV x3  
  157  8:27  Marine x4  
  157  8:28  Marine x4  
  157  8:30  Barracks Tech Lab  
  157  8:32  Barracks Tech Lab x2  
  166  8:48  SCV x3  
  166  8:51  Marine x5  
  166  8:52  Supply Depot x2  
  173  8:59  Factory, Marauder x4, Marine x3  
  184  9:14  Marine x4  
  184  9:15  Medivac x2, Widow Mine x2  
  196  9:17  SCV x3  
  196  9:22  Refinery, Marine  
  200  9:41  Fusion Core, Starport x2  
  200  9:43  Factory  
Show
View Real Time Build Order
Export as new Build Order

A.I. 1 (Very Easy) Zerg 

Build Orders: Pool First 

Get SALT Encoding   

  12  0:01  Drone  
  13  0:12  Overlord  
  13  0:16  Drone  
  14  0:36  Spawning Pool  
  14  0:37  Extractor  
  14  0:39  Drone  
  13  0:46  Drone  
  14  0:51  Overlord  
  14  1:22  Zergling x2, Queen  
  17  1:32  Roach Warren  
  17  1:36  Drone  
  17  1:40  Extractor  
  17  1:44  Drone  
  17  1:49  Zergling x2  
  18  2:03  Drone  
  19  2:10  Drone  
  19  2:15  Zergling x2  
  21  2:19  Drone  
  22  2:29  Overlord  
  22  2:33  Drone  
  23  2:40  Drone  
  23  2:42  Roach  
  26  2:47  Drone  
  27  5:58  Zergling x2  
  27  7:10  Drone  
  27  7:11  Lair, Roach  
  27  7:12  Overlord  
  30  7:18  Hatchery  
  30  7:19  Drone  
  25  7:47  Roach  
  27  8:12  Overseer x2  
  27  8:23  Zergling x2  
  28  8:30  Drone  
  29  8:38  Drone  
  29  8:40  Extractor  
  29  8:42  Extractor  
  29  8:45  Drone  
  29  8:52  Drone  
  30  8:59  Drone, Roach  
  33  9:06  Drone  
  34  9:13  Drone  
  35  9:21  Drone  
  36  9:28  Drone  
  37  9:35  Drone  
  38  9:39  Roach  
  38  9:42  Drone  
  38  9:44  Overlord, Overseer  
  33  9:49  Drone  
  19  9:56  Drone  
Tags
 
Add a new tag
Caveats
  • Supply blocks, unpowered buildings, or Contaminate may cause inaccurate times.
  • Supply counts are checked every 10 seconds.